 Dungeon Crawl Stone Soup version 0.26.1-11-gd32895ea62 (console) character file.

Game seed: 5345210090514593885

43 Hector the Skirmisher (level 3, -5/35 HPs)
             Began as a Gnoll Abyssal Knight on June 14, 2021.
             Was a Believer of Lugonu.
             Slain by a worm (7 damage)
             ... on level 2 of the Dungeon.
             The game lasted 00:03:18 (2028 turns).

Hector the Skirmisher (Gnoll Abyssal Knight)        Turns: 2028, Time: 00:03:19

Health: -5/35      AC:  4    Str: 14    XL:     3   Next: 58%
Magic:  6/6        EV: 12    Int: 15    God:    Lugonu [**....]
Gold:   128        SH:  0    Dex: 14    Spells: 3/3 levels left

rFire    . . .     SeeInvis .   j - -1 dagger (curse)
rCold    . . .     Faith    .   (no shield)
rNeg     . . .     Spirit   .   b - +0 leather armour
rPois    .         Reflect  .   (no helmet)
rElec    .         Harm     .   d - +0 cloak
rCorr    .         Rampage  .   (no gloves)
Will     .....                  (no boots)
Stlth    +.........             (no amulet)
HPRegen  0.11/turn              (no ring)
MPRegen  0.10/turn              (no ring)

@: no status effects
A: distributed training, fangs 1, strong nose
a: Renounce Religion, Depart the Abyss, Bend Space


You were on level 2 of the Dungeon.
You worshipped Lugonu.
Lugonu was pleased with you.
You visited 1 branch of the dungeon, and saw 2 of its levels.
You visited the Abyss 1 time.

You collected 128 gold pieces.

Inventory:

Hand Weapons
 a - a +2 hand axe
 j - a cursed -1 dagger (weapon)
Missiles
 h - 52 stones
 n - 18 bolts
 o - 3 boomerangs
Armour
 b - a +0 leather armour (worn)
 d - a +0 cloak (worn)
Scrolls
 i - a scroll of identify
Potions
 c - a potion of haste {unknown}
 e - a potion of heal wounds {unknown}
 f - 2 potions of attraction
 g - a potion of invisibility {unknown}
 k - 2 potions of lignification {unknown}
 l - a potion of might {unknown}


   Skills:
 + Level 6.5 Fighting
 + Level 0.8 Short Blades
 + Level 0.8 Long Blades
 + Level 4.5 Axes
 + Level 0.8 Maces & Flails
 + Level 0.8 Polearms
 + Level 0.8 Staves
 + Level 0.8 Slings
 + Level 0.8 Bows
 + Level 0.8 Crossbows
 + Level 0.8 Throwing
 + Level 4.5 Armour
 + Level 2.6 Dodging
 + Level 0.8 Stealth
 + Level 0.8 Shields
 + Level 0.8 Unarmed Combat
 + Level 0.8 Spellcasting
 + Level 0.5 Conjurations
 + Level 0.5 Hexes
 + Level 0.5 Summonings
 + Level 0.5 Necromancy
 + Level 0.5 Translocations
 + Level 0.5 Transmutations
 + Level 0.5 Fire Magic
 + Level 0.5 Ice Magic
 + Level 0.5 Air Magic
 + Level 0.5 Earth Magic
 + Level 0.5 Poison Magic
 + Level 4.6 Invocations
 + Level 0.8 Evocations


You had 3 spell levels left.
You didn't know any spells.
Your spell library was empty.

Dungeon Overview and Level Annotations

Branches:
Dungeon (2/15)

Altars:


Innate Abilities, Weirdness & Mutations

Your experience applies equally to all skills.
You have very sharp teeth.
Your uncanny sense of smell can sniff out nearby items.


Message History

You hit the worm. You bite the worm, but do no damage.
The worm is moderately wounded.
The bat hits you but does no damage. x2
You barely miss the worm.
The worm is moderately wounded.
The bat hits you but does no damage. The worm closely misses you.
You hit the worm. Your bite misses the worm.
The worm is heavily wounded.
The bat hits you.
* * * LOW HITPOINT WARNING * * *
You barely miss the worm.
The worm is heavily wounded.
The bat barely misses you. The worm misses you.
You hit the worm but do no damage.
The worm is moderately wounded.
The bat barely misses you.
You hit the worm.
The worm is heavily wounded.
The bat barely misses you. The worm bites you!
You die...

#....# #....#
#....# #....#
#....# # #....#
#. #bw..#
#.###.@..##
#..>......#
#.........#
##........###
#..##†.....#
......#.####.#
#####..#.# .#
#......#.# .
#.#....#.######


You could see a worm and a bat.

Vanquished Creatures
  A dart slug (D:1)
  3 bats (D:1)
  5 giant cockroaches
  6 goblins (D:1)
  4 hobgoblins
  3 jackals (D:1)
  A quokka (D:2)
  6 frilled lizards (D:1)
  4 kobolds (D:1)
  5 rats (D:1)
38 creatures vanquished.

Notes
Turn   | Place    | Note
-------+----------+-------------------------------------------
     0 | Abyss:1  | Hector the Gnoll Abyssal Knight began the quest for the
                  | Orb.
     0 | Abyss:1  | Reached XP level 1. HP: 23/23 MP: 3/3
     8 | D:1      | Escaped the Abyss
    40 | D:1      | Noticed an electric eel
   197 | D:1      | Reached XP level 2. HP: 29/29 MP: 5/5
   263 | D:1      | Reached ** piety under Lugonu
   391 | D:1      | Reached XP level 3. HP: 26/35 MP: 6/6
  2028 | D:2      | Slain by a worm

Illustrated notes

Levels and vault maps discovered:
D:1:      arrival_aquarium_a, layout_basic
D:2:      layout_basic, uniq_sigmund

Action                   || total
-------------------------++-------
Melee: Hand axe          ||    42
       Bite              ||    22
       Dagger            ||   173
  Use: Scroll            ||     5
Armor: Leather armour    ||    73
Dodge: Dodged            ||   134
